Map: 엔디온 잔해

Players

True - Winner!

  • Race: Zerg Zerg
  • League: Grandmaster

lIlIlIlIlI

  • Race: Zerg Zerg
  • League: Grandmaster

VOD

Have the link to the VOD?

Description

Time

  • Played on: April 6, 2016, 3:43 a.m.
  • Length: 6:13
Show
View Real Time Build Order
Export as new Build Order

True Zerg - Winner!

Build Orders: Hatch First 

Get SALT Encoding   

  12  0:02  Drone  
  13  0:12  Overlord  
  13  0:17  Drone  
  14  0:31  Drone x2  
  14  0:35  Drone  
  17  0:53  Hatchery  
  17  0:56  Drone  
  17  1:09  Spawning Pool  
  17  1:11  Extractor  
  15  1:14  Drone  
  16  1:19  Drone  
  16  1:20  Drone  
  18  1:28  Drone  
  19  1:39  Overlord  
  19  1:55  Queen  
  19  1:59  Drone  
  19  2:01  Drone  
  23  2:05  Queen, Drone  
  26  2:29  Hatchery  
  25  2:32  Drone x2  
  25  2:35  Drone x3  
  30  2:40  Overlord  
  30  2:43  Drone  
  31  2:51  Queen  
  31  2:52  Drone  
  31  2:54  Drone  
  36  2:58  Drone  
  36  3:05  Drone x3  
  37  3:06  Drone  
  37  3:11  Drone  
  41  3:14  Overlord  
  41  3:15  Drone x2  
  41  3:17  Drone  
  44  3:22  Overlord  
  44  3:24  Extractor  
  43  3:28  Drone  
  43  3:32  Drone  
  43  3:34  Evolution Chamber  
  44  3:38  Drone  
  44  3:39  Drone  
  44  3:40  Drone x2  
  48  3:43  Drone  
  48  3:46  Drone x2  
  48  3:47  Drone  
  52  3:49  Drone  
  52  3:52  Drone  
  52  3:55  Lair  
  54  3:57  Drone, Roach Warren  
  54  4:00  Extractor  
  54  4:01  Drone  
  54  4:02  Zerg Missile Weapons Level 1  
  54  4:06  Extractor, Overlord  
  54  4:08  Drone  
  54  4:09  Drone  
  55  4:11  Drone  
  55  4:13  Drone  
  55  4:15  Drone  
  55  4:17  Overlord  
  58  4:20  Overlord  
  58  4:22  Overlord  
  58  4:27  Drone x2  
  58  4:29  Drone x2  
  58  4:30  Drone  
  63  4:34  Overlord  
  63  4:38  Roach x2  
  67  4:39  Roach  
  67  4:41  Roach  
  67  4:45  Extractor  
  70  4:46  Drone  
  70  4:47  Drone x2  
  70  4:48  Drone  
  70  4:50  Drone  
  75  4:52  Glial Reconstitution  
  75  4:53  Overseer  
  75  5:02  Overlord  
  75  5:03  Roach x3  
  75  5:04  Roach x2  
  85  5:07  Roach  
  85  5:10  Overlord  
  85  5:11  Roach  
  89  5:16  Roach x2  
  89  5:19  Roach  
  89  5:20  Roach  
  97  5:22  Roach  
  97  5:25  Overlord  
  97  5:26  Roach  
  97  5:27  Overlord  
  101  5:30  Overlord  
  101  5:35  Overseer  
  101  5:36  Roach x2  
  101  5:42  Overlord  
  105  5:44  Overlord  
  105  5:45  Roach x2  
  105  5:46  Roach x2  
  105  5:47  Roach  
  105  5:49  Roach  
  117  5:52  Roach  
  117  5:53  Roach  
Show
View Real Time Build Order
Export as new Build Order

lIlIlIlIlI Zerg 

Build Orders: Hatch First, Roach Nydus 

Get SALT Encoding   

  12  0:01  Drone  
  13  0:14  Overlord  
  13  0:18  Drone  
  14  0:33  Drone x2  
  16  0:36  Drone  
  17  0:54  Hatchery  
  17  0:56  Drone  
  17  0:59  Drone  
  18  1:13  Spawning Pool  
  18  1:15  Drone  
  18  1:19  Drone  
  19  1:30  Overlord  
  19  2:00  Queen, Zergling x4  
  23  2:03  Zergling x2  
  23  2:07  Queen, Zergling x2  
  27  2:18  Drone x2  
  27  2:19  Spine Crawler  
  28  2:24  Drone  
  28  2:28  Drone  
  31  2:36  Drone  
  32  2:37  Queen  
  32  2:40  Overlord  
  34  2:48  Drone  
  35  2:54  Hatchery  
  34  2:59  Queen  
  34  3:01  Drone x2  
  34  3:04  Drone  
  39  3:06  Drone  
  40  3:13  Overlord  
  40  3:14  Drone x2  
  40  3:16  Extractor  
  40  3:18  Extractor  
  40  3:19  Drone  
  41  3:20  Drone  
  41  3:23  Drone  
  41  3:25  Drone  
  44  3:30  Overlord  
  44  3:38  Queen  
  44  3:39  Drone  
  44  3:40  Drone  
  48  3:45  Drone  
  49  3:50  Drone  
  49  3:51  Drone x4  
  54  4:07  Extractor, Drone  
  54  4:08  Lair  
  54  4:09  Drone  
  55  4:12  Roach Warren  
  55  4:16  Queen  
  56  4:17  Drone  
  56  4:20  Queen  
  59  4:29  Overlord  
  59  4:30  Overlord  
  59  4:32  Overlord  
  59  4:34  Drone x2  
  61  4:52  Roach x6  
  73  4:58  Queen  
  75  5:03  Drone  
  75  5:06  Nydus Network  
  75  5:07  Queen  
  75  5:10  Queen  
  75  5:12  Roach  
  81  5:14  Roach  
  81  5:18  Overlord  
  81  5:20  Roach  
  85  5:30  Roach x2  
  89  5:40  Roach x4  
  97  5:43  Nydus Canal  
  97  5:47  Overlord x3  
  97  6:05  Nydus Canal  
Tags
 
Add a new tag
Caveats
  • Supply blocks, unpowered buildings, or Contaminate may cause inaccurate times.
  • Supply counts are checked every 10 seconds.